 Dungeon Crawl Stone Soup version 0.31.0-11-ge490571c62 (webtiles) character file.

Game seed: 16878513574158461900

265 qw the Skirmisher (level 5, 0/30 HPs)
             Began as a Deep Elf Hunter on Feb 4, 2024.
             Slain by Grinder (5 damage)
             ... on level 3 of the Dungeon.
             The game lasted 00:00:14 (2249 turns).

qw the Skirmisher (Deep Elf Hunter)                 Turns: 2249, Time: 00:00:14

Health: 0/30       AC:  5    Str: 10      XL:     5   Next: 99%
Magic:  7/7        EV: 12    Int: 13 (14) God:
Gold:   121        SH:  0    Dex: 18      Spells: 4/4 levels left

rFire   + . .        a - +0 shortbow
rCold   . . .        (shield currently unavailable)
rNeg    . . .        c - +0 leather armour
rPois   .            i - +0 helmet
rElec   .            (no cloak)
rCorr   .            h - +0 pair of gloves
SInv    .            (no boots)
Will    .....        e - amulet of faith
Stlth   ++           o - ring of protection from fire
HPRegen 0.25/turn    (no ring)
MPRegen 0.10/turn

%: faith
@: no status effects
A: no striking features
a: no special abilities


You were on level 3 of the Dungeon.
You visited 1 branch of the dungeon, and saw 4 of its levels.

You collected 121 gold pieces.


   Skills:
 - Level 2.0 Fighting
 + Level 9.1 Ranged Weapons
 - Level 3.0 Dodging
 - Level 1.2 Stealth


You had 4 spell levels left.
You didn't know any spells.
Your spell library was empty.

Inventory:

Hand Weapons
 a - a +0 shortbow (weapon)
Armour
 c - a +0 leather armour (worn)
 h - a +0 pair of gloves (worn)
 i - a +0 helmet (worn)
Jewellery
 e - an amulet of faith (around neck)
 o - a ring of protection from fire (left hand)
Wands
 d - a wand of roots (7)
Scrolls
 g - a scroll of identify
Potions
 b - 2 potions of lignification {unknown}
 f - a potion of curing

Dungeon Overview and Level Annotations

Branches:
Dungeon (4/15)
 Temple: D:4-7

Altars:
Fedhas
Qazlal

Annotations:
D:3 Grinder


Message History

2221 ||| FLEEEEING.
Grinder gestures at you.
You suddenly lose the ability to move!
You can move again.
2224 ||| FLEEEEING.
Grinder gestures at you. You resist with significant effort.
2225 ||| FLEEEEING.
2226 ||| FLEEEEING.
2227 ||| FLEEEEING.
You start resting.
HP restored.
You shoot an arrow.
Grinder shouts!
The arrow hits Grinder!
Grinder is severely wounded.
Grinder gestures at you. Pain shoots through your body!
You shoot an arrow.
The arrow hits Grinder but does no damage.
Grinder is severely wounded.
Grinder closely misses you.
You shoot an arrow. The arrow hits Grinder.
Grinder is severely wounded.
Grinder closely misses you.
You shoot an arrow. The arrow hits Grinder.
Grinder is severely wounded.
Grinder hits you.
You writhe in agony.
You shoot an arrow. The arrow closely misses Grinder.
Grinder hits you!
You writhe in agony.
You shoot an arrow.
The arrow hits Grinder but does no damage.
Grinder is severely wounded.
Grinder grins, showing sharp teeth.
Grinder hits you.
You writhe in agony.
You shoot an arrow. The arrow hits Grinder.
Grinder is almost dead.
Grinder hits you.
You die...
Grinder says, "Hey, I wasn't done torturing you yet!"

#.# ####.#. #.### #.#.
######### #5..##### #.#.
#.......####.......# #.#.
#.........#........####.##
#.......#.#........##.....
#......#.#.........#.....
#......#.#.###.###.......
#.......@#.# #.# ##......
#........5.# #.# #......
#.....%#######.# ##.....
#...#.<#.........# #.....
#.######.#############.....
#.......#####........###..#
####........#.######.# ##.#
#........#.# #.# #.#
#........#.# #.# #..


You could see Grinder.

Vanquished Creatures
  An ogre (D:4)
  An iguana (D:2)
  Ijyb (D:3)
  Robin (D:2)
  4 adders
  3 dart slugs
  2 ribbon worms
  4 orcs
  5 bats
  6 endoplasms
  3 giant cockroaches
  12 goblins
  10 hobgoblins
  3 jackals (D:1)
  3 kobolds
  A quokka (D:1)
  5 ball pythons
  A frilled lizard (D:2)
  6 rats
72 creatures vanquished.

Notes
Turn   | Place    | Note
-------+----------+-------------------------------------------
     0 | D:1      | qw the Deep Elf Hunter began the quest for the Orb.
     0 | D:1      | Reached XP level 1. HP: 12/12 MP: 3/3
     0 | D:1      | 0 ||| qw: Version: 0.3-a-160-g6735b56
     0 | D:1      | 0 ||| qw: Game counter: 5971
     0 | D:1      | 0 ||| qw: Melee chars always use a shield: true
     0 | D:1      | 0 ||| qw: God list: Okawaru
     0 | D:1      | 0 ||| qw: Allow faded altars: false
     0 | D:1      | 0 ||| qw: Do Orc after clearing Dungeon:15 true
     0 | D:1      | 0 ||| qw: Do second Lair branch before Depths: true
     0 | D:1      | 0 ||| qw: Lair rune preference: random
     0 | D:1      | 0 ||| qw: Goals: Normal
     0 | D:1      | 0 ||| PLANNING D:1-11
   212 | D:1      | Reached XP level 2. HP: 16/16 MP: 4/4
   213 | D:1      | Reached skill level 6 in Ranged Weapons
   254 | D:1      | Found a faded altar of an unknown god.
   791 | D:1      | 791 ||| UPGRADING to amulet of faith.
   796 | D:1      | 796 ||| READING scroll labelled HILLIUQ SOROEX.
   797 | D:1      | 797 ||| READING 3 scrolls labelled TINWOM BOWKIGH.
   797 | D:1      | 797 ||| IDENTIFYING sapphire potion
   798 | D:1      | 798 ||| DROPPING scroll of butterflies.
   910 | D:2      | Noticed Robin
   911 | D:2      | 911 ||| RETREEEEATING.
   913 | D:2      | 913 ||| RETREEEEATING.
   914 | D:2      | 914 ||| RETREEEEATING.
   915 | D:2      | 915 ||| RETREEEEATING.
   917 | D:2      | Reached XP level 3. HP: 20/20 MP: 5/5
   924 | D:2      | Killed Robin
   932 | D:2      | Reached skill level 7 in Ranged Weapons
   935 | D:2      | HP: 5/20 [goblin/+0 dagger[Robin] (1)]
  1148 | D:2      | Reached XP level 4. HP: 25/25 MP: 6/6
  1321 | D:2      | Reached skill level 8 in Ranged Weapons
  1595 | D:2      | 1595 ||| UPGRADING to +0 pair of gloves.
  1600 | D:2      | 1600 ||| UPGRADING to +0 helmet.
  1605 | D:2      | 1605 ||| UPGRADING to ring of protection from fire.
  1606 | D:2      | 1606 ||| READING 2 scrolls of identify.
  1606 | D:2      | 1606 ||| IDENTIFYING emerald potion
  1607 | D:2      | 1607 ||| READING scroll of identify.
  1607 | D:2      | 1607 ||| IDENTIFYING puce potion
  1608 | D:2      | 1608 ||| READING scroll labelled LONLOO KOEVAETOCH.
  1613 | D:2      | 1613 ||| READING scroll labelled TATTE YNOCE.
  1614 | D:2      | 1614 ||| READING scroll labelled MOROD GEOLAP.
  1615 | D:2      | 1615 ||| READING scroll labelled BODGHA KEONLO.
  1616 | D:2      | 1616 ||| DRINKING 2 fizzy silvery potions.
  1617 | D:2      | 1617 ||| DROPPING potion of brilliance.
  1618 | D:2      | 1618 ||| DROPPING potion of attraction.
  1619 | D:2      | 1619 ||| DROPPING potion of degeneration.
  1667 | D:3      | You fall into a shaft and drop 1 floor!
  1679 | D:4      | Noticed an ogre
  1683 | D:4      | Killed an ogre
  1684 | D:4      | Reached skill level 9 in Ranged Weapons
  1684 | D:4      | Reached XP level 5. HP: 29/29 MP: 7/7
  1751 | D:4      | Reached skill level 3 in Dodging
  1763 | D:4      | 1763 ||| FLEEEEING.
  1764 | D:4      | 1764 ||| STAIRDANCE
  1765 | D:3      | Noticed Ijyb
  1776 | D:3      | HP: 7/29 [constriction (6)]
  1779 | D:3      | Killed Ijyb
  1930 | D:3      | Found a blossoming altar of Fedhas.
  1939 | D:3      | Found a stormy altar of Qazlal.
  2197 | D:3      | Noticed Grinder
  2197 | D:3      | Paralysed by Grinder for 3 turns
  2211 | D:3      | 2211 ||| FLEEEEING.
  2212 | D:3      | 2212 ||| FLEEEEING.
  2213 | D:3      | 2213 ||| FLEEEEING.
  2214 | D:3      | 2214 ||| FLEEEEING.
  2216 | D:3      | 2216 ||| FLEEEEING.
  2217 | D:3      | 2217 ||| FLEEEEING.
  2218 | D:3      | 2218 ||| FLEEEEING.
  2219 | D:3      | 2219 ||| FLEEEEING.
  2220 | D:3      | 2220 ||| FLEEEEING.
  2221 | D:3      | 2221 ||| FLEEEEING.
  2221 | D:3      | Paralysed by Grinder for 3 turns
  2224 | D:3      | 2224 ||| FLEEEEING.
  2225 | D:3      | 2225 ||| FLEEEEING.
  2226 | D:3      | 2226 ||| FLEEEEING.
  2227 | D:3      | 2227 ||| FLEEEEING.
  2247 | D:3      | HP: 7/30 [Grinder (1)]
  2249 | D:3      | Slain by Grinder

Levels and vault maps discovered:
D:1:      sevenhm_arrival_forest_fort_large_2, layout_loops_ring,
          hellmonk_ecumenical_altar_run_dry
D:2:      layout_loops_cross, minmay_pentomino_z2, uniq_robin
D:3:      layout_basic, gammafunk_temple_overflow_wave,
          grunt_temple_overflow_forces_of_nature, uniq_ijyb, uniq_grinder
D:4:      layout_cave_pools, slow_altar_1, mainiacjoe_overflow_six_doors_small,
          minmay_temple_entry_wispy, uniq_sigmund

Skill      XL: |  1  2  3  4  5 |
---------------+----------------+-----
Ranged Weapons | 6 7 9 |  9.1
Dodging        | 3 |  3.0
Fighting       | 2 |  2.0
Stealth        | |  1.2

Action                     |  1- 3 |  4- 6 || total
---------------------------+-------+-------++-------
   Fire: Shortbow          |   117 |   121 ||   238
    Use: Scroll            |     2 |     6 ||     8
         Potion            |       |     1 ||     1
 Armour: Leather armour    |    35 |    23 ||    58
  Dodge: Dodged            |    43 |    17 ||    60

Table legend:
 A = Non-vault XP
 B = Vault XP
 C = Vault XP percentage of total XP
 D = Non-vault monster count
 E = Vault monster count
 F = Vault count percentage of total count
                 A         B        C        D         E       F
            +---------+---------+-------+---------+---------+-------
      Total |     305 |      74 |  19.5 |      58 |      14 |  19.4
            +---------+---------+-------+---------+---------+-------
        D:1 |      32 |       0 |   0.0 |      19 |       0 |   0.0
        D:2 |     103 |      38 |  27.0 |      23 |      13 |  36.1
        D:3 |      24 |      36 |  60.0 |       9 |       1 |  10.0
        D:4 |     146 |       0 |   0.0 |       7 |       0 |   0.0
            +---------+---------+-------+---------+---------+-------
